cohdb
Replays
Latest Replays
All Replays
Popular Replays
Top Player Replays
Match Explorer
How It Works
Community
CoH3 Stats
Reddit
Sign in to upload your games and track your stats! →
Sign in with Steam
Match 41814175
Unlisted
Match 41814175
Overview
Messages
Build Orders
End
Pioneer Squad
Construct Infanterie Kompanie
Selects Terror Battlegroup
Selects Machine Gun Camouflage
MG 42 Machine Gun Team
Selects Machine Gun Camouflage
MG 42 Machine Gun Team
Selects Machine Gun Camouflage
MG 42 Machine Gun Team
Construct Luftwaffe Kompanie
Jäger Squad
Jäger Squad
Medical Bunker
Support Elements
Wirbelwind Flakpanzer
Wirbelwind Flakpanzer
Wirbelwind Flakpanzer
Pioneer Squad
Selects No Quarter
Luftwaffe Officer Quarters
Side Skirts
Pioneer Squad
Jäger Squad
Repair Bunker
Selects King Tiger Heavy Tank
King Tiger Heavy Tank
Selects Contempt for the Weak
Jäger Squad
Pioneer Squad
Selects Jericho Trumpet
Jericho Trumpet
Selects V1 Rocket Strike
Construct Panzergrenadier Kompanie
Jericho Trumpet
Jericho Trumpet
カルト_くん
[RN] Friedus
Axis For Braindeads
PlammX
0
0
Comments
sign in to comment!
No comments posted yet!